Map: Eternal Empire LE

Players

Liquidthermy (uThermal)

  • Race: Terran Terran
  • Spawn Location: 7:00

Armani - Winner!

  • Race: Zerg Zerg
  • Spawn Location: 1:00

Event: StayAtHomestory Cup #2

VOD

Have the link to the VOD?

Description

Time

  • Played on: June 12, 2020, 11:14 a.m.
  • Length: 18:24

All games in this series

Show
View Real Time Build Order
Export as new Build Order

Liquidthermy Terran 

Build Orders: Liberator Opening, Reaper Expand 

Get SALT Encoding   

  12  0:01  SCV  
  13  0:13  SCV  
  14  0:18  Supply Depot  
  14  0:25  SCV  
  15  0:39  SCV  
  15  0:42  Barracks  
  16  0:43  Refinery  
  16  0:51  SCV  
  17  1:03  SCV  
  18  1:16  SCV  
  19  1:29  Reaper, Orbital Command  
  20  1:40  Command Center  
  20  1:49  Supply Depot  
  20  1:56  SCV  
  21  2:01  Marine  
  21  2:08  SCV  
  23  2:10  Factory  
  23  2:20  SCV  
  23  2:21  Barracks Reactor  
  24  2:32  SCV  
  25  2:44  SCV  
  25  2:48  Command Center  
  26  2:52  Orbital Command  
  26  2:56  SCV  
  27  3:01  Starport  
  27  3:08  SCV  
  27  3:10  Refinery  
  28  3:17  Hellion x2  
  32  3:20  SCV  
  32  3:21  SCV  
  34  3:32  SCV  
  34  3:33  SCV  
  36  3:37  Viking  
  36  3:38  Hellion  
  40  3:41  Hellion  
  40  3:44  SCV  
  40  3:46  SCV  
  44  3:51  Barracks Tech Lab  
  44  3:57  SCV  
  44  3:58  SCV  
  44  4:00  Hellion  
  48  4:03  Hellion  
  48  4:08  Orbital Command  
  48  4:09  SCV  
  50  4:12  Liberator  
  50  4:14  SCV  
  54  4:19  Supply Depot  
  54  4:21  SCV  
  54  4:22  Stimpack, Marine  
  56  4:26  SCV  
  57  4:36  SCV  
  57  4:37  SCV, Barracks, Factory Tech Lab  
  59  4:39  Marine, Barracks  
  59  4:42  SCV  
  59  4:44  Supply Depot  
  61  4:48  SCV  
  61  4:49  SCV  
  63  4:52  Orbital Command  
  63  4:54  SCV  
  63  4:56  Engineering Bay  
  63  4:57  Starport Reactor, Engineering Bay, Marine  
  63  4:59  Refinery  
  65  5:02  Siege Tank  
  65  5:03  SCV  
  65  5:06  Supply Depot  
  69  5:09  SCV  
  70  5:15  SCV, Marine  
  72  5:21  SCV, Barracks  
  72  5:22  SCV, Barracks  
  72  5:23  Refinery  
  72  5:28  SCV  
  75  5:32  Terran Infantry Weapons Level 1, Terran Infantry Armor Level 1  
  75  5:33  SCV, Marine x3  
  79  5:38  SCV  
  80  5:43  SCV  
  80  5:45  Starport Reactor, Marine x2  
  80  5:46  SCV  
  84  5:51  SCV  
  84  5:55  Siege Tank  
  84  5:57  Supply Depot, Refinery  
  85  5:58  Supply Depot  
  85  6:05  Combat Shield  
  85  6:10  Barracks Reactor x2, Supply Depot  
  85  6:15  SCV x3, Marine x5  
  93  6:23  Medivac  
  95  6:27  SCV x3  
  95  6:29  Medivac  
  95  6:30  Command Center  
  100  6:33  Marine x3  
  100  6:34  Supply Depot, Marine  
  100  6:36  Factory Reactor  
  105  6:40  SCV, Marine  
  105  6:42  SCV  
  105  6:43  Factory  
  105  6:46  Marine  
  108  6:47  Armory, Marine  
  108  6:51  Marine  
  108  6:53  Marine x2  
  112  6:54  Marine  
  112  6:57  SCV x2, Supply Depot  
  112  6:59  Marine  
  112  7:00  Supply Depot  
  116  7:01  Medivac  
  116  7:02  Medivac  
  116  7:05  Marine x2  
  122  7:09  SCV, Supply Depot  
  122  7:12  Supply Depot  
  122  7:13  Marine x2  
  125  7:19  Marine x2, Widow Mine x2  
  125  7:21  Supply Depot  
  131  7:25  Marine x2  
  131  7:26  Marine  
  136  7:30  Widow Mine  
  136  7:31  Medivac  
  136  7:35  Marine  
  139  7:37  Terran Infantry Weapons Level 2  
  139  7:40  Terran Infantry Armor Level 2  
  139  7:47  Supply Depot, Marine x3  
  139  7:49  Widow Mine x2  
  146  7:53  Marine  
  146  7:56  Barracks  
  146  7:57  Drilling Claws, Widow Mine  
  146  7:58  Marine, Barracks  
  150  8:02  Marine, Barracks  
  150  8:04  Missile Turret  
  151  8:05  Missile Turret  
  151  8:06  Missile Turret, Marine  
  152  8:13  Medivac, Marine x2  
  152  8:17  SCV x2  
  158  8:21  Marine  
  158  8:26  Marine, Widow Mine  
  122  8:28  Marine  
  122  8:29  Marine x2  
  122  8:30  Planetary Fortress  
  122  8:31  SCV  
  122  8:32  SCV  
  127  8:38  Marine x2  
  129  8:44  Marine x2, Widow Mine  
  133  8:49  Missile Turret, Marine  
  131  8:59  Widow Mine  
  116  9:02  Marine  
  116  9:06  Marine  
  116  9:07  Marine, Thor  
  116  9:08  Marine x3, Widow Mine  
  116  9:09  Barracks Tech Lab  
  124  9:10  SCV, Barracks Tech Lab x2  
  124  9:12  Marine x2  
  127  9:17  Missile Turret, Marine  
  127  9:20  Marine  
  129  9:24  Marine  
  129  9:25  SCV x2, Marine  
  133  9:32  Marauder, Marine  
  133  9:33  Command Center, Marine  
  133  9:35  Marine x2  
  133  9:36  Marine x2  
  141  9:40  Marine  
  141  9:41  Marauder  
  141  9:42  Widow Mine  
  141  9:43  Widow Mine  
  147  9:49  Marine x2  
  147  9:50  Thor  
  147  9:51  Medivac  
  157  9:54  Medivac, Marauder  
  158  10:00  Supply Depot, Marine  
  158  10:01  Supply Depot  
  158  10:03  Supply Depot  
  158  10:04  Widow Mine x2  
  158  10:05  Marine  
  158  10:06  Marauder, Marine  
  163  10:07  Marauder  
  163  10:16  Marine  
  163  10:17  Supply Depot x2  
  163  10:18  Marine  
  163  10:22  Medivac, Marauder x2  
  163  10:24  Medivac  
  163  10:26  Marine  
  163  10:27  Marauder  
  178  10:28  Widow Mine x2, Marine  
  178  10:29  Marauder  
  181  10:37  Marine  
  181  10:39  Thor  
  188  10:43  Marauder  
  174  10:52  Medivac, Marine x2  
  174  10:53  Marauder, Widow Mine  
  174  10:54  Widow Mine  
  176  10:59  Planetary Fortress  
  174  11:10  Supply Depot x2  
  174  11:13  Supply Depot, Marine  
  174  11:14  Marauder  
  174  11:16  Widow Mine  
  179  11:21  Missile Turret  
  179  11:22  Sensor Tower  
  179  11:23  Supply Depot  
  179  11:24  Terran Infantry Armor Level 3, Marine  
  180  11:31  Marine x2  
  180  11:32  Marauder x2, Marine  
  187  11:35  Widow Mine  
  187  11:37  Marine  
  187  11:38  Marauder  
  188  11:46  Marine  
  186  11:47  Medivac  
  186  11:53  Marauder  
  182  11:55  Marine x3  
  182  11:56  Marauder, Marine, Widow Mine  
  182  12:00  Marine x2  
  182  12:01  Marine x2  
  193  12:02  Marine  
  193  12:03  Marine  
  194  12:13  Marine x2  
  194  12:15  Marauder  
  188  12:16  Medivac  
  188  12:22  Marine x2  
  192  12:23  Marauder x2  
  192  12:25  Widow Mine  
  192  12:27  Command Center  
  190  12:42  Missile Turret x2  
  190  12:53  Supply Depot  
  190  12:54  Supply Depot  
  187  13:02  Marine x3  
  187  13:04  Medivac  
  181  13:08  Marauder  
  181  13:09  Thor  
  181  13:12  Marine x3  
  133  13:28  Marine x5  
  109  13:44  Widow Mine  
  109  13:46  Marine  
  110  13:48  Marine  
  110  13:50  Marine  
  110  13:52  Thor  
  110  13:53  Widow Mine  
  110  13:55  Marine  
  109  13:59  Marine x2  
  104  14:04  Marine  
  104  14:07  Marine  
  104  14:08  Marine x2  
  108  14:13  Marine x2  
  109  14:19  Marine x2  
  109  14:21  Marine  
  102  14:27  Widow Mine  
  98  14:31  SCV  
  98  14:33  Starport  
  98  14:35  Thor  
  98  14:36  SCV  
  106  14:39  Marine x3  
  106  14:43  SCV  
  106  14:44  Marine  
  106  14:45  Marine x3  
  112  14:46  Marauder  
  115  14:57  Marine x3  
  118  15:02  Marine  
  118  15:03  Marine  
  118  15:06  Sensor Tower  
  120  15:07  Orbital Command  
  120  15:10  Marine x2  
  120  15:11  Missile Turret  
  120  15:13  Medivac  
  124  15:16  Marine  
  125  15:21  Marine  
  125  15:22  Marauder  
  125  15:26  Marine  
  125  15:29  Marine x2  
  125  15:32  SCV x2  
  127  15:38  Marine x3  
  127  15:39  Marine  
  131  15:43  Marauder  
  131  15:44  SCV x2, Marine  
  131  15:47  Marine  
  137  15:50  Medivac  
  137  15:52  Marine  
  137  15:54  Widow Mine  
  137  15:56  SCV  
  137  15:57  Widow Mine  
  145  15:58  Widow Mine  
  146  16:05  Marauder  
  137  16:36  Marine x6, Widow Mine x2  
  137  16:38  Medivac  
  147  16:54  Marine x6  
  137  16:56  Command Center  
  137  16:58  Widow Mine  
  145  17:04  Refinery  
  145  17:05  Widow Mine  
  145  17:06  Widow Mine  
  149  17:12  Marine x6  
  149  17:13  SCV  
  156  17:19  Widow Mine  
  158  17:27  Widow Mine  
  158  17:29  Marine  
  156  17:30  Marine x4  
  156  17:33  Widow Mine  
  151  17:51  Marine x3  
  151  17:53  Marine  
  151  17:55  Widow Mine  
  104  18:02  Widow Mine  
Show
View Real Time Build Order
Export as new Build Order

Armani Zerg - Winner!

Build Orders: Hatch First, Muta Ling Bane 

Get SALT Encoding   

  12  0:00  Drone  
  13  0:13  Overlord  
  13  0:17  Drone  
  14  0:31  Drone  
  14  0:32  Drone  
  16  0:37  Drone  
  17  0:53  Hatchery  
  16  0:57  Drone  
  16  0:59  Drone  
  18  1:11  Extractor  
  18  1:14  Spawning Pool  
  16  1:19  Drone  
  16  1:21  Drone  
  18  1:30  Drone  
  19  1:43  Drone  
  20  2:01  Queen  
  20  2:05  Queen  
  20  2:06  Zergling x6  
  27  2:11  Metabolic Boost  
  27  2:14  Overlord  
  27  2:18  Drone  
  28  2:34  Drone x3  
  31  2:40  Overlord  
  31  2:41  Queen  
  33  2:47  Drone  
  33  2:49  Drone  
  35  2:55  Drone  
  36  3:00  Drone  
  37  3:08  Drone  
  37  3:09  Drone x2  
  40  3:15  Hatchery  
  40  3:18  Drone x3  
  42  3:25  Queen  
  44  3:29  Overlord  
  44  3:48  Drone x4  
  48  3:49  Drone  
  48  3:50  Overlord  
  48  3:51  Drone x2  
  48  3:54  Evolution Chamber  
  50  3:58  Drone  
  50  4:01  Drone  
  52  4:07  Queen  
  52  4:08  Extractor  
  53  4:10  Drone x4  
  56  4:17  Drone  
  56  4:18  Overlord  
  56  4:21  Zerg Ground Armor Level 1  
  56  4:23  Evolution Chamber  
  56  4:27  Drone x2  
  56  4:29  Overlord  
  58  4:36  Queen  
  60  4:40  Zergling x6  
  60  4:41  Zergling x4  
  65  4:49  Drone  
  65  4:50  Spore Crawler, Drone x4  
  69  4:53  Zerg Melee Weapons Level 1  
  69  4:57  Spore Crawler  
  69  4:58  Drone  
  69  4:59  Spore Crawler  
  68  5:00  Drone  
  68  5:01  Drone  
  68  5:03  Lair  
  68  5:05  Baneling Nest  
  68  5:06  Zergling x2  
  70  5:07  Overlord  
  70  5:10  Zergling x4  
  70  5:13  Drone  
  73  5:17  Drone  
  73  5:21  Drone, Extractor  
  73  5:22  Overlord, Extractor  
  73  5:23  Drone  
  73  5:24  Overlord  
  73  5:27  Drone x4  
  78  5:31  Drone  
  78  5:33  Drone  
  78  5:34  Drone  
  81  5:42  Drone  
  82  5:43  Drone  
  82  5:47  Drone  
  82  5:48  Drone x2  
  82  5:49  Extractor  
  83  5:50  Drone x3, Extractor  
  83  5:52  Drone x2  
  83  5:56  Drone x2  
  83  5:57  Drone  
  90  6:00  Drone  
  90  6:02  Centrifical Hooks  
  91  6:07  Overlord  
  91  6:10  Spire  
  90  6:16  Hatchery, Zergling x6  
  92  6:21  Zerg Ground Armor Level 2  
  92  6:27  Drone  
  93  6:33  Drone x8  
  93  6:34  Zergling x2  
  93  6:35  Zergling x6  
  93  6:39  Baneling x4  
  105  6:44  Overlord  
  105  6:45  Hatchery, Overlord  
  104  6:57  Zergling x2  
  105  7:09  Zergling x22  
  105  7:15  Overseer  
  115  7:20  Drone x2  
  116  7:23  Unknown  
  116  7:24  Baneling x7  
  116  7:26  Mutalisk x3  
  116  7:27  Mutalisk x2  
  116  7:29  Mutalisk  
  127  7:31  Overlord x2  
  127  7:44  Overlord  
  127  7:45  Baneling x9  
  127  7:51  Zergling x20  
  137  7:53  Mutalisk x2  
  137  7:55  Zergling x2  
  137  7:56  Zergling x4  
  137  7:58  Zergling x6  
  147  8:03  Mutalisk  
  147  8:06  Zerg Flyer Weapons Level 1  
  147  8:08  Zergling x8  
  151  8:14  Zergling x8  
  128  8:27  Drone  
  128  8:28  Drone x2  
  128  8:30  Mutalisk x4  
  128  8:32  Zergling x12  
  128  8:33  Unknown, Queen  
  146  8:34  Overlord  
  146  8:38  Zergling x10  
  146  8:39  Pneumatized Carapace  
  146  8:40  Overseer  
  146  8:41  Drone x3  
  153  8:48  Drone x2  
  153  8:49  Drone  
  153  8:55  Mutalisk x2  
  156  8:56  Evolution Chamber  
  156  8:58  Drone x2  
  160  9:05  Zergling x22  
  160  9:08  Overseer  
  162  9:11  Baneling x13  
  162  9:16  Drone  
  163  9:20  Overlord  
  163  9:23  Zerg Melee Weapons Level 2  
  163  9:30  Zergling x4  
  165  9:32  Overlord  
  165  9:34  Baneling x9  
  165  9:35  Hatchery, Overlord  
  163  9:38  Overlord  
  163  9:45  Mutalisk x3  
  163  9:47  Zergling x10  
  163  9:48  Zergling x8  
  163  9:51  Drone x7  
  181  9:52  Drone  
  177  10:07  Zergling x4  
  177  10:08  Zergling x24  
  177  10:12  Baneling  
  177  10:13  Baneling x12  
  191  10:18  Baneling x10  
  191  10:21  Baneling x5  
  191  10:26  Infestation Pit  
  191  10:27  Overlord  
  190  10:29  Zergling x2  
  190  10:30  Zergling x10  
  190  10:34  Baneling x10  
  167  10:52  Zergling x38  
  183  11:08  Drone  
  180  11:14  Hive  
  180  11:15  Zergling x12  
  180  11:16  Zergling x18  
  195  11:19  Baneling x7  
  195  11:20  Hatchery  
  195  11:23  Baneling x7  
  195  11:24  Baneling  
  194  11:32  Spore Crawler, Drone  
  188  11:33  Spine Crawler, Drone x2  
  188  11:34  Spine Crawler  
  188  11:41  Overseer  
  188  11:43  Baneling  
  188  11:44  Baneling x16  
  172  11:55  Zergling x28  
  172  11:56  Zergling x10  
  188  12:04  Baneling x4  
  188  12:05  Baneling x11  
  184  12:19  Overlord  
  184  12:21  Zergling x2  
  184  12:22  Zergling x24  
  196  12:27  Zerg Ground Armor Level 3  
  196  12:29  Evolution Chamber  
  188  12:43  Hatchery  
  188  12:44  Adrenal Glands, Extractor  
  186  12:47  Zergling x20  
  186  12:51  Baneling x7  
  193  13:05  Baneling x24  
  184  13:12  Zergling x16  
  170  13:13  Zergling x2  
  170  13:19  Baneling x13  
  146  13:31  Zergling x20  
  132  13:42  Zergling x18  
  126  14:00  Drone x2  
  126  14:01  Drone x7  
  131  14:05  Mutalisk  
  131  14:06  Mutalisk x3  
  137  14:12  Zergling x4  
  137  14:13  Zergling x4  
  137  14:14  Baneling x5  
  137  14:15  Baneling x2  
  141  14:27  Mutalisk x4  
  141  14:30  Zergling x10  
  154  14:34  Drone x3  
  154  14:35  Unknown  
  154  14:37  Baneling x6  
  156  14:45  Zergling x12  
  162  15:04  Zerg Melee Weapons Level 3  
  162  15:05  Hatchery  
  162  15:07  Zergling x12  
  163  15:11  Baneling x9  
  165  15:22  Zergling x22  
  165  15:25  Drone x2  
  167  15:29  Drone x2  
  167  15:30  Drone  
  166  15:37  Baneling x10  
  166  15:51  Overseer x2  
  166  15:53  Zergling x2  
  166  15:54  Zergling x20  
  175  16:04  Ultralisk Cavern  
  172  16:21  Drone  
  172  16:22  Drone x3  
  173  16:34  Drone  
  173  16:35  Drone x10  
  184  16:44  Zergling x38  
  193  16:52  Zergling x10  
  193  16:54  Chitinous Plating  
  185  17:04  Spine Crawler, Spore Crawler, Baneling x8  
  185  17:05  Spine Crawler, Baneling  
  185  17:06  Baneling  
  182  17:14  Baneling  
  182  17:15  Baneling x16  
  182  17:16  Baneling x2  
  182  17:19  Zergling x6  
  182  17:21  Overseer  
  185  17:23  Baneling  
  171  17:44  Zergling x28  
  171  17:45  Zergling x16  
  156  18:03  Zergling x32  
  159  18:06  Baneling x3  
  159  18:07  Baneling x4  
  159  18:08  Baneling x2  
Tags
 
Add a new tag
Caveats
  • Supply blocks, unpowered buildings, or Contaminate may cause inaccurate times.
  • Supply counts are checked every 10 seconds.